[Event "Late-Titled-Tuesday-Blitz-March-19-2024"]
[Site "Chess.com"]
[Date "2024.03.19"]
[Round "3"]
[White "AlexPapasimakopoulos"]
[Black "Vladimir_Zakhartsov"]
[Result "0-1"]
[WhiteElo "2749"]
[BlackElo "2987"]
[TimeControl "180+1"]
[EndTime "14:28:53 PDT"]
[Termination "Vladimir_Zakhartsov won by resignation"]

1. d4 Nf6 2. c4 e6 3. Nc3 Bb4 4.
Qc2 d5 5. cxd5 exd5 6. Bg5 h6 7. Bxf6 Qxf6 8. e3 c6 9. Bd3 O-O 10. Nf3 Bd6 11. O-O-O a5 12. Kb1 Na6 13. a3 Qd8 14. e4 dxe4 15. Nxe4 Be6 16. Ne5 a4 17. Bc4 Nc7 18. Bxe6 Nxe6 19. g3 Nc7 20. f4 Nd5 21. Nxd6 Qxd6 22. Qc5 Qe6 23. Rhe1 Qf5+ 24. Qc2 Qxc2+ 25.
Kxc2 Rfd8 26. Nd3 b6 27. Nb4 Nf6 28. Re3 Rd6 29. Rc3 Rc8 30. Re3 Kf8 31. Re2 c5 32.
Nd3 Rxd4 33. Ne5 Rxd1 34. Kxd1 Rd8+ 35. Kc2 Rd6 36. Kc3 Rd4 37. Kc2 g6 38. Nc6 Re4 39. Rxe4 Nxe4 40. Kd3 Nd6 41. Ne5 Ke7 42. Kc3 b5 43.
Kd3 Ke6 44. Nc6 Kd5 45. Ne7+ Ke6 46. Nc6 f6 47. Nd8+ Kd7 48. f5 gxf5 0-1

[Event "Late-Titled-Tuesday-Blitz-March-19-2024"]
[Site "Chess.com"]
[Date "2024.03.19"]
[Round "3"]
[White "olga-belka"]
[Black "slorovel"]
[Result "0-1"]
[WhiteElo "2312"]
[BlackElo "2603"]
[TimeControl "180+1"]
[EndTime "14:28:55 PDT"]
[Termination "slorovel won by resignation"]

1. e4 e6 2. d4 d5 3. Nd2 e5 4. exd5 exd4 5. Ngf3 Nf6 6. Bb5+ Bd7 7.
Bc4 Bc5 8. O-O O-O 9. Nb3 Bb6 10. Nbxd4 Bg4 11. Be3 Nxd5 12. Bxd5 Qxd5 13. h3 Bh5 14. c3 Nc6 15. Nxc6 Qxc6 16. Bxb6 axb6 17. Nd4 Qg6 18. Qc2 Qxc2 19. Nxc2 Rfd8 20. g4 Bg6 21. Nd4 c5 22. Nf3 Rd3 23. Ne5 Rd2 24. Nc4 Rc2 25. Nxb6 Rd8 26. Rad1 Re8 27. Rfe1 Rxe1+ 28. Rxe1 h5 29. Nc4 hxg4 30. hxg4 b5 31. Ne5 Rxb2 32. Nd7 b4 33. cxb4 cxb4 34. g5 f5 35. gxf6 Rxa2 36. fxg7 Kxg7 37.
Re7+ Kh6 38. Nc5 Rc2 39. Re5 Bf7 40. Kg2 b3 41. Nxb3 Bxb3 42. Kg3 Bf7 43. f3 Kg6 44. Ra5 Kf6 45. Rb5 Be6 46. Rc5 Rxc5 0-1

[Event "Late-Titled-Tuesday-Blitz-March-19-2024"]
[Site "Chess.com"]
[Date "2024.03.19"]
[Round "3"]
[White "woodhy"]
[Black "bulletteemo"]
[Result "1-0"]
[WhiteElo "2517"]
[BlackElo "2621"]
[TimeControl "180+1"]
[EndTime "14:28:56 PDT"]
[Termination "woodhy won on time"]

1. e4 g6 2. d4 Bg7 3. Nf3 d6 4. Nc3 a6 5. Be3 b5 6. Bd3 Bb7 7. Ne2 Nd7 8. O-O Ngf6 9. Ng3 e5 10. c3 O-O 11. h3 Re8 12. Re1 h6 13. Qd2 Kh7 14. d5 c6 15. dxc6 Bxc6 16. Bc2 d5 17. exd5 Bxd5 18. Nh2 Nb6 19. Nh5 Nc4 20. Nxf6+ Bxf6 21. Qc1 Nxe3 22. Qxe3 Bg5 23. Qc5 Rc8 24.
Qa7 Qc7 25. Qxa6 b4 26. Qb5 Bc4 27. Qxb4 Be7 28. Qa4 Ra8 29. Bxg6+ fxg6 30. Qc2 h5 31. Nf3 Bf6 32. b3 Bd5 33. Nd2 Bb7 34. Ne4 Bg7 35.
Ng5+ Kh8 36. Qxg6 Kg8 37. Qh7+ Kf8 38. Qxh5 Ra6 39. Rad1 Rh6 40. Qg4 Qc6 41. Rd7 Rg6 42.
h4 Kg8 43. Re3 Rf8 44. Rg3 e4 45. h5 Rh6 46. Rxg7+ Kxg7 47. Ne6+ Kf7 48. Nxf8 1-0

[Event "Late-Titled-Tuesday-Blitz-March-19-2024"]
[Site "Chess.com"]
[Date "2024.03.19"]
[Round "3"]
[White "Matrix3x3a"]
[Black "hell3raiser"]
[Result "1-0"]
[WhiteElo "2610"]
[BlackElo "2339"]
[TimeControl "180+1"]
[EndTime "14:28:56 PDT"]
[Termination "Matrix3x3a won by resignation"]

1. d4 d5 2. c4 e6 3. Nf3 Nf6 4. g3 Be7 5. Bg2 O-O 6. O-O dxc4 7. Qc2 a6 8. a4 Bd7 9. Qxc4 Bc6 10. Bg5 Nbd7 11.
Nc3 h6 12. Bxf6 Bxf6 13. Rfe1 Nb6 14. Qd3 Nd5 15. e4 Nb4 16. Qe2 a5 17. Rad1 Qe8 18.
b3 b6 19. Qc4 Bb7 20. d5 Ba6 21. Nb5 c6 22. dxc6 Qxc6 23. Qxc6 Nxc6 24. e5 Bd8 25.
Nfd4 Nxd4 26. Bxa8 Nxb5 27. axb5 Bxb5 28. Be4 a4 29.
Bd3 Bc6 30. bxa4 Bxa4 31. Rb1 Bc6 32. Be4 Ba4 33. Rec1 b5 34. Bc6 h5 35. Bxb5 Bxb5 36. Rxb5 Be7 37. Rc7 Bg5 38. f4 Bh6 39. h4 g6 40.
Rcb7 Bg7 41. Rb8 Rxb8 42. Rxb8+ Kh7 43. Kf2 Bh6 44. Kf3 Bg7 45. Rb7 Kg8 46. Ra7 Bf8 47.
g4 hxg4+ 48. Kxg4 Kg7 49. Rb7 Bc5 50. Rc7 Bd4 51. Rc4 Bb2 52. Rb4 Bc3 53. Rb3 Bd4 54. Rh3 Bb2 55. Rh1 Bc3 56. h5 gxh5+ 57. Kxh5 Bb2 58. Rb1 Bc3 59. Rb3 Bd2 60. Kg5 Bc1 61. Rb7 Bd2 62. Kg4 Bc1 63. f5 exf5+ 64. Kxf5 Kg8 65.
Kf6 Bf4 66. Rb4 Bd2 67. Rb8+ Kh7 68. Kxf7 Bf4 69. Rb5 1-0

[Event "Late-Titled-Tuesday-Blitz-March-19-2024"]
[Site "Chess.com"]
[Date "2024.03.19"]
[Round "3"]
[White "Heinza9"]
[Black "Shahdad2007"]
[Result "0-1"]
[WhiteElo "2321"]
[BlackElo "2608"]
[TimeControl "180+1"]
[EndTime "14:28:56 PDT"]
[Termination "Shahdad2007 won on time"]

1. c4 Nf6 2. Nc3 e6 3. e4 d5 4. e5 d4 5. exf6 dxc3 6. bxc3 Qxf6 7. Nf3 b6 8. d4 Bb7 9. Bd3 h6 10. O-O Nd7 11. Re1 Bd6 12. d5 O-O 13. Be3 exd5 14. Bd4 Qf4 15. g3 Qg4 16. c5 bxc5 17. Kg2 cxd4 18.
h3 Qh5 19. g4 Qg6 20. Bxg6 fxg6 21. cxd4 c5 22. Qd3 Rf6 23. Rab1 Nb6 24. a4 Bc6 25.
dxc5 Bxc5 26. Ne5 Bxa4 27. Re2 Raf8 28. Rf1 Be8 29. Qc3 Bd6 30. Nd3 Kh7 31. f4 Nc4 32.
Qd4 Bc6 33. Kg3 a5 34. Kh4 g5+ 35. Kg3 gxf4+ 36. Kh2 f3+ 37. Kh1 fxe2 38. Re1 Rf1+ 39. Kg2 Rxe1 40. Nxe1 a4 41. Qd3+ Kh8 42. Qxe2 d4+ 43.
Kg1 Ne3 44. Ng2 Bxg2 0-1

[Event "Late-Titled-Tuesday-Blitz-March-19-2024"]
[Site "Chess.com"]
[Date "2024.03.19"]
[Round "3"]
[White "KuzubovYuriy"]
[Black "Leo_C"]
[Result "1-0"]
[WhiteElo "2905"]
[BlackElo "2646"]
[TimeControl "180+1"]
[EndTime "14:28:58 PDT"]
[Termination "KuzubovYuriy won on time"]

1. d4 Nf6 2. c4 e6 3. Nf3 d5 4.
Nc3 Bb4 5. Bg5 h6 6. Bxf6 Qxf6 7. e3 O-O 8. Rc1 Nc6 9. cxd5 exd5 10. a3 Bxc3+ 11.
Rxc3 Ne7 12. Ne5 c6 13. Qf3 Qxf3 14. Nxf3 Bf5 15. Kd2 Nc8 16. Ne5 Nd6 17. Rc1 Rfe8 18. Bd3 Bxd3 19. Nxd3 Re7 20. g4 Rae8 21. h4 f6 22.
Rcg1 Kf7 23. Ke2 Ne4 24. h5 a5 25. a4 b5 26. Rc1 Re6 27. Ra1 Rb8 28. axb5 Rxb5 29. Rhc1 Ke8 30. f3 Ng5 31. Rc3 Nf7 32. Rac1 Nd8 33. Kd2 Re7 34. Ra1 Reb7 35. Kc2 Re7 36.
Nc5 Nb7 37. Na4 Nd6 38. b3 Nb7 39. Rb1 Nd8 40. Re1 Nb7 41. Rxc6 Nd8 42. Rc5 Reb7 43. Rxb5 Rxb5 44. Nc3 Rb7 45. Nxd5 Ne6 46. Ra1 Ra7 47. b4 a4 48. b5 Nd8 49. Nc3 a3 50. Kb3 Re7 51.
Nd5 Rd7 52. Nb4 Re7 53. e4 Rd7 54. d5 Rb7 55. Rxa3 Rxb5 56. Ra8 1-0

[Event "Late-Titled-Tuesday-Blitz-March-19-2024"]
[Site "Chess.com"]
[Date "2024.03.19"]
[Round "3"]
[White "Eduard_Limonov"]
[Black "karinachess1"]
[Result "1/2-1/2"]
[WhiteElo "2857"]
[BlackElo "2624"]
[TimeControl "180+1"]
[EndTime "14:28:59 PDT"]
[Termination "Game drawn by repetition"]

1. d4 Nf6 2. c4 e6 3. g3 d5 4. Nf3 dxc4 5. Bg2 Nc6 6. O-O Rb8 7. e3 b5 8. b3 cxb3 9. axb3 a6 10. Qe2 Be7 11.
Rd1 O-O 12. e4 Nb4 13. Nc3 Bb7 14. e5 Nfd5 15. Ne4 h6 16. Bd2 c6 17. h4 a5 18. h5 Ra8 19. g4 a4 20. bxa4 bxa4 21. Rdc1 Ba6 22. Qd1 Bd3 23. Nc5 Bxc5 24. dxc5 a3 25.
g5 hxg5 26. Nxg5 Bf5 27. Rc4 Nd3 28. Rh4 Nxe5 29. h6 g6 30. h7+ Kh8 31. Qe2 Qf6 32. Ra2 Nd3 33. Rh3 N3f4 34. Qf3 Nxh3+ 35. Nxh3 Rfb8 36.
Bg5 Qg7 37. Rxa3 Rxa3 38. Qxa3 Kxh7 39. Kh2 Qe5+ 40. f4 Qe3 41. Qa7 Rf8 42. Be7 Be4 43.
Bxf8 Kg8 44. Bxe4 Qxe4 45. Bd6 Qe2+ 46. Kg3 Qe3+ 47. Kg2 Qe2+ 48. Nf2 Ne3+ 49. Kg3 Nf5+ 50. Kg2 Ne3+ 51. Kg3 Nf5+ 52. Kg2 Ne3+ 1/2-1/2

[Event "Late-Titled-Tuesday-Blitz-March-19-2024"]
[Site "Chess.com"]
[Date "2024.03.19"]
[Round "3"]
[White "FaustinoOro"]
[Black "Eltaj_Safarli"]
[Result "1-0"]
[WhiteElo "2859"]
[BlackElo "2611"]
[TimeControl "180+1"]
[EndTime "14:28:59 PDT"]
[Termination "FaustinoOro won by checkmate"]

1. e4 c5 2. Nf3 e6 3. d4 cxd4 4. Nxd4 Nc6 5. Nc3 Bc5 6. Nb3 Bb6 7. Bd3 Nge7 8. Qe2 O-O 9. Be3 d5 10. exd5 exd5 11. Bxb6 Qxb6 12. O-O d4 13. Ne4 Ng6 14. Qd2 Qc7 15. Rfe1 b6 16. Ng3 Bb7 17. Be4 Rad8 18.
Rad1 Nce5 19. Bxb7 Qxb7 20. Qe2 d3 21. cxd3 Nxd3 22. Rxd3 Nf4 23. Qf3 Nxd3 24. Qxb7 Nxe1 25. h3 Rd1 26. Kh2 Nd3 27. Qxa7 Nxf2 28. Qxb6 Nd3 29.
Nd4 Nf4 30. Nf3 h5 31. Qb4 Ne6 32. Nxh5 Rc8 33. a4 Rf1 34. a5 Rc2 35. Qb3 Rff2 36. Ne1 Rxb2 37. Qc3 Rb5 38. a6 Ra2 39. Qc8+ Kh7 40.
Qc4 Rba5 41. Qe4+ Kg8 42. Nf4 Rxa6 43. Nxe6 Rxe6 44. Qb4 Ree2 45. Qb8+ Kh7 46. Qg3 g6 47. Qf3 Kg7 48. Nd3 Rad2 49. Nf4 Rf2 50. Qc3+ Kg8 51. Qg3 Kg7 52. h4 Rf1 53. h5 Rdd1 54. Qg5 Rh1+ 55.
Kg3 Rd6 56. hxg6 f6 57. Qf5 Kg8 58. Qc8+ Kg7 59. Qc7+ Kh6 60. Qh7+ Kg5 61. Qxh1 Rd4 62. Qh5# 1-0

[Event "Late-Titled-Tuesday-Blitz-March-19-2024"]
[Site "Chess.com"]
[Date "2024.03.19"]
[Round "3"]
[White "tylityli"]
[Black "ArmanGhevondyanchess"]
[Result "0-1"]
[WhiteElo "2316"]
[BlackElo "2602"]
[TimeControl "180+1"]
[EndTime "14:28:59 PDT"]
[Termination "ArmanGhevondyanchess won on time"]

1. d4 Nf6 2. c4 g6 3. Nc3 d5 4. cxd5 Nxd5 5. Bd2 Bg7 6. e4 Nxc3 7. Bxc3 O-O 8. Qd2 c5 9. d5 e6 10. Bc4 exd5 11. Bxd5 Nc6 12. Nf3 Be6 13. O-O Bxd5 14. exd5 Nd4 15. Nxd4 cxd4 16. Bxd4 Qxd5 17. Be3 Qxd2 18.
Bxd2 Rfd8 19. Be3 b6 20. Rab1 Rac8 21. b4 Bd4 22. Bf4 Rc4 23. Bg3 Re8 24. a4 Re2 25. Rb3 Bc3 26. Rfb1 Rxb4 27. f3 Rxb3 28. Rxb3 Rc2 29.
h4 h5 30. Bf2 Be5 31. g3 Rc1+ 32. Kg2 Rc2 33. Kf1 Ra2 34. Rb4 Ra3 35. Kg2 Ra2 36. Kf1 Bd6 37. Rc4 Bc5 38. Bxc5 bxc5 39. Rxc5 Rxa4 40.
Kf2 Kg7 41. Ke3 Ra1 42. Rc7 a5 43. Ra7 Ra3+ 44. Kf4 Ra1 45. Ra6 a4 46. Ra7 a3 47.
Ra6 Kf8 48. Ra7 Kg7 49. Ra6 Ra2 50. Ra7 Kf6 51. Ra6+ Ke7 52. Ra7+ Ke6 53. Ra6+ Kd5 54. Ra7 Kc5 55. Rxf7 Kb5 0-1

[Event "Late-Titled-Tuesday-Blitz-March-19-2024"]
[Site "Chess.com"]
[Date "2024.03.19"]
[Round "3"]
[White "VD_coach"]
[Black "GlavkonVVS"]
[Result "0-1"]
[WhiteElo "2499"]
[BlackElo "2685"]
[TimeControl "180+1"]
[EndTime "14:29:00 PDT"]
[Termination "GlavkonVVS won by checkmate"]

1. d4 Nf6 2. Nf3 c5 3. e3 g6 4.
c4 Bg7 5. Nc3 O-O 6. Be2 cxd4 7.
exd4 d5 8. cxd5 Nxd5 9. O-O Nc6 10. Re1 Nxc3 11. bxc3 e5 12. Bg5 Qa5 13. d5 e4 14.
dxc6 exf3 15. Bxf3 Qxg5 16. cxb7 Bxb7 17. Bxb7 Rab8 18.
Rb1 Bxc3 19. Re3 Rfd8 20. Qf3 Bd4 21. Reb3 Bb6 22. Ba6 Rd2 23. Rf1 Rxa2 24. Bc4 Kh8 25. Rxb6 Rxb6 26. Qxf7 Qd8 27. Bxa2 Rf6 28. Qd5 Qb6 29.
g3 Kg7 30. h4 a5 31. Qd2 Rf3 32. Kg2 Rf6 33. Re1 Qc6+ 34. Qd5 Qc7 35. Qe5 Qb6 36. Qe7+ Kh6 37. f4 Qb2+ 38. Kh3 Qc3 39. Qe5 Qc8+ 40.
Kh2 Rf5 41. Qe7 Qc2+ 42. Kh3 Qf2 43. Qg5+ Rxg5 44. hxg5+ Kh5 45. Re7 Qf1+ 46. Kh2 Qf2+ 47. Kh3 Qf1+ 48. Kh2 Kg4 49. Be6+ Kf3 50. Bd5+ Kg4 51.
Be6+ Kf3 52. Bd5+ Kf2 53. Rc7 Qg1+ 54. Kh3 Qxg3# 0-1

[Event "Late-Titled-Tuesday-Blitz-March-19-2024"]
[Site "Chess.com"]
[Date "2024.03.19"]
[Round "3"]
[White "ChessBrainiacOnTwitch"]
[Black "SultaiC"]
[Result "1-0"]
[WhiteElo "2825"]
[BlackElo "2486"]
[TimeControl "180+1"]
[EndTime "14:29:01 PDT"]
[Termination "ChessBrainiacOnTwitch won by checkmate"]

1. Nf3 Nf6 2. b3 d6 3. Bb2 e5 4. e3 Nc6 5. c4 Be7 6. Nc3 O-O 7. d4 exd4 8. exd4 d5 9. Be2 Be6 10. O-O h6 11. Re1 Re8 12. Rc1 Bf8 13. c5 Bf5 14. a3 Ne4 15. b4 Be7 16. b5 Nb8 17. Ne5 Bf6 18. Bf3 Bxe5 19. dxe5 Nxc3 20. Bxc3 c6 21.
a4 Nd7 22. Qd4 Re6 23. g4 Rg6 24. Kh1 Be6 25. Rg1 Nf8 26. Be2 Qh4 27. Rg3 Nh7 28.
Rcg1 Ng5 29. f3 Nh3 30. R1g2 Bd7 31. f4 h5 32. gxh5 Rxg3 33. hxg3 Nf2+ 34. Kg1 Nh3+ 35. Kf1 Qe7 36. h6 Bf5 37. hxg7 Qe6 38. g4 Be4 39.
Rh2 Qh6 40. Qe3 Kxg7 41. Rxh3 Qg6 42. f5 Bxf5 43. gxf5 Qxf5+ 44. Rf3 Qb1+ 45. Kf2 Rg8 46. e6+ Kf8 47. Rg3 Qf5+ 48. Kg1 Rxg3+ 49. Qxg3 Qxe6 50.
Qb8+ Ke7 51. Qxb7+ Qd7 52. bxc6 Qc7 53. Qxc7+ Ke6 54.
Qe5# 1-0

[Event "Late-Titled-Tuesday-Blitz-March-19-2024"]
[Site "Chess.com"]
[Date "2024.03.19"]
[Round "3"]
[White "Supelyel"]
[Black "Horokoskii"]
[Result "1/2-1/2"]
[WhiteElo "2389"]
[BlackElo "2176"]
[TimeControl "180+1"]
[EndTime "14:29:01 PDT"]
[Termination "Game drawn by repetition"]

1. c4 c5 2. g3 g6 3. Bg2 Bg7 4. Nc3 Nc6 5. Nf3 Nf6 6. O-O O-O 7. d3 d6 8. Bg5 Bg4 9. Rb1 Rb8 10. a3 a6 11. b4 cxb4 12. axb4 b5 13. cxb5 axb5 14.
Bxf6 Bxf6 15. Nd5 Bg7 16. e3 Ne5 17. Nxe5 Bxd1 18. Nc6 Qd7 19. Nxb8 Rxb8 20. Rfxd1 e6 21. Nf4 d5 22. d4 Rc8 23. Nd3 Bf8 24. Nc5 Bxc5 25. bxc5 Ra8 26. Bf1 Rb8 27. Rb4 h5 28. h4 e5 29. Ra1 exd4 30. exd4 Qf5 31. Ra5 Rc8 32. Raxb5 Rc6 33. Bg2 Rf6 34. Rb2 Qg4 35.
R5b4 Qe6 36. Kh2 g5 37. hxg5 Rg6 38. f4 h4 39. R4b3 hxg3+ 40. Kxg3 f6 41. Bh3 Qe1+ 42. Kg2 Qe4+ 43. Kg3 Qe1+ 44. Rf2 fxg5 45. f5 Rh6 46. Rf3 Qg1+ 47. Rg2 Qe1+ 48. Rgf2 Qg1+ 49. Rg2 Qe1+ 50. Kg4 Rh4+ 51. Kxg5 Kg7 52. Rfg3 Rxd4 53. Bg4 Kf8 54. Kf6 Qe7+ 55. Kg6 Qg7+ 56. Kh5 Qh7+ 57. Kg5 Qg7+ 58. Kh5 Qh8+ 59. Kg5 Qg7+ 60. Kh5 1/2-1/2

[Event "Late-Titled-Tuesday-Blitz-March-19-2024"]
[Site "Chess.com"]
[Date "2024.03.19"]
[Round "3"]
[White "DeTimmerman"]
[Black "VladimirKramnik"]
[Result "0-1"]
[WhiteElo "2751"]
[BlackElo "3004"]
[TimeControl "180+1"]
[EndTime "14:29:02 PDT"]
[Termination "VladimirKramnik won on time"]

1. b4 e5 2. Bb2 Bxb4 3. Bxe5 Nf6 4. Nc3 Ba5 5. e3 O-O 6. Nf3 Nc6 7. Bxf6 Qxf6 8. Nd5 Qd6 9. c4 b6 10. Be2 Bb7 11. O-O Nd8 12. Nf4 Ne6 13. Nxe6 dxe6 14.
d4 c5 15. dxc5 Qxc5 16. Rb1 Be4 17. Rb5 Qe7 18. Nd4 e5 19. Nf3 f6 20. Qb3 Bc6 21.
c5+ Kh8 22. cxb6 axb6 23. Rxb6 Bxb6 24. Qxb6 Bd5 25. Rd1 Bxa2 26. h3 Bg8 27. Nh4 g6 28. Nf3 Rad8 29. Rb1 Rd6 30. Qb4 Rfd8 31. Nh2 Kg7 32.
Nf1 R6d7 33. Qb6 Qd6 34. Qb5 Qd5 35. Qb6 h5 36. Bf3 Qe6 37. Qb5 Bf7 38. Ng3 f5 39. e4 f4 40. Nf1 Qf6 41. Qb2 Rd6 42. Rc1 Rd4 43. Rc5 R8d7 44. Qb8 Re7 45. Qb5 Re6 46. Be2 Re7 47. f3 Rd8 48. Rc6 Re6 49. Rb6 Rxb6 0-1

[Event "Late-Titled-Tuesday-Blitz-March-19-2024"]
[Site "Chess.com"]
[Date "2024.03.19"]
[Round "3"]
[White "rodp92"]
[Black "newyorkmouse"]
[Result "1/2-1/2"]
[WhiteElo "2491"]
[BlackElo "2651"]
[TimeControl "180+1"]
[EndTime "14:29:02 PDT"]
[Termination "Game drawn by repetition"]

1. e4 c6 2. c4 d5 3. cxd5 cxd5 4. exd5 Nf6 5. Nc3 g6 6. Nf3 Bg7 7. d4 O-O 8. Bc4 Nbd7 9. O-O Nb6 10. Qb3 Bg4 11.
Ne5 Rc8 12. Bd3 Bf5 13. Bxf5 gxf5 14. Rd1 Nfxd5 15. Be3 Nxe3 16. fxe3 e6 17. Nf3 Nc4 18. e4 Ne3 19. Rd3 fxe4 20. Nxe4 Nd5 21. Rf1 b6 22. Ne5 Qc7 23. Rg3 Kh8 24. Rxg7 Kxg7 25. Qg3+ Kh8 26.
Ng5 f6 27. Nxe6 Qe7 28. Nxf8 fxe5 29. Qxe5+ Qxe5 30. dxe5 Re8 31. Nd7 Re7 32. Nf6 Ne3 33.
Rc1 Rxe5 34. h3 Rf5 35. Ne4 Rf4 36. Ng5 Rb4 37. b3 a5 38. Rc7 a4 39. Ne6 h6 40. h4 axb3 41. axb3 Rxb3 42. h5 Rb2 43. Rc8+ Kh7 44. Rc7+ Kg8 45. Rg7+ Kh8 46. Rg6 Nf5 47. Rf6 Rb5 48. Rf8+ Kh7 49. Rf7+ Kg8 50. Rf8+ Kh7 51. Rf7+ Kh8 52. Rf8+ Kh7 1/2-1/2

[Event "Late-Titled-Tuesday-Blitz-March-19-2024"]
[Site "Chess.com"]
[Date "2024.03.19"]
[Round "3"]
[White "HandKnit"]
[Black "ExtremeLearner"]
[Result "1-0"]
[WhiteElo "2483"]
[BlackElo "2547"]
[TimeControl "180+1"]
[EndTime "14:29:02 PDT"]
[Termination "HandKnit won by resignation"]

1. c4 e5 2. Nc3 Bb4 3. Nd5 Be7 4. d4 exd4 5. Qxd4 Nf6 6. Nxe7 Qxe7 7. Bg5 Nc6 8. Qc3 Ne5 9. e3 h6 10. Bh4 d6 11.
Be2 g5 12. Bg3 Ne4 13. Qd4 Bf5 14. Nf3 Nxg3 15. hxg3 c5 16. Qc3 O-O-O 17. Nxe5 Qxe5 18. Qxe5 dxe5 19. g4 Be6 20. Rd1 Rxd1+ 21. Kxd1 e4 22. Kc2 Kd7 23. Kc3 Ke7 24. f4 exf3 25. gxf3 f5 26.
a3 Kf6 27. b4 cxb4+ 28. axb4 Kg6 29. Rd1 h5 30. gxh5+ Rxh5 31. Rd6 Kf7 32. c5 Rh2 33. Bc4 Bxc4 34. Kxc4 Rf2 35. Rd7+ Ke6 36. Rxb7 Rxf3 37. Kd4 Rf1 38. Rxa7 Rd1+ 39. Kc4 Rc1+ 40. Kb5 f4 41. exf4 gxf4 42. Ra2 f3 43. Rf2 Rc3 44. Rf1 Kd5 45.
Rd1+ Ke6 46. Kb6 f2 47. b5 Rd3 48. Rf1 Rd2 49. Kc7 Rc2 50. c6 Kd5 51. Rd1+ Ke4 52. b6 Re2 53. Rf1 Kf3 54. b7 Re7+ 55. Kd6 Re1 56.
Rxf2+ Kxf2 57. b8=Q 1-0

[Event "Late-Titled-Tuesday-Blitz-March-19-2024"]
[Site "Chess.com"]
[Date "2024.03.19"]
[Round "3"]
[White "dcremisi"]
[Black "Fandorine"]
[Result "1/2-1/2"]
[WhiteElo "2676"]
[BlackElo "2934"]
[TimeControl "180+1"]
[EndTime "14:29:04 PDT"]
[Termination "Game drawn - insufficient material"]

1. Nf3 Nf6 2. d4 g6 3. c4 Bg7 4. Nc3 O-O 5. e4 d6 6. Be2 e5 7.
dxe5 dxe5 8. Qxd8 Rxd8 9. Bg5 Be6 10. Nd5 Bxd5 11. cxd5 c6 12. Bc4 cxd5 13. Bxd5 Nbd7 14. O-O-O h6 15. Bxf6 Nxf6 16. Bxb7 Rxd1+ 17. Rxd1 Rb8 18. Bd5 Ng4 19. Rd2 h5 20. h3 Nf6 21. Kb1 Bh6 22.
Rd1 Nxd5 23. Rxd5 Rb4 24. Rxe5 Rc4 25. a4 Rc1+ 26. Ka2 Rc2 27. Rb5 Rxf2 28. Rb7 Be3 29. Ne5 Rxg2 30. Nxf7 Bd4 31. Nd6 Re2 32. h4 a6 33. Rb4 Bf6 34. Rb6 Bxh4 35. Rxa6 Bf6 36. Nc4 Kg7 37. e5 Bxe5 38. Re6 Re4 39. Nxe5 Rxa4+ 40.
Kb3 Re4 41. Rxg6+ Kh7 42. Re6 h4 43. Re7+ Kg8 44. Re8+ Kg7 45. Re7+ Kf6 46. Rh7 Kxe5 47. Ka3 Kf5 48. b4 Kg4 49. Ka4 h3 50. Ka5 Re5+ 51. b5 Rh5 52. Rg7+ Kf3 53. Rg1 h2 54. Rh1 Kg2 55. Rxh2+ Kxh2 56. Ka6 Kg3 57. b6 Kf4 58. b7 Rh6+ 59. Ka7 Rh7 60. Ka8 Rxb7 61. Kxb7 1/2-1/2

[Event "Late-Titled-Tuesday-Blitz-March-19-2024"]
[Site "Chess.com"]
[Date "2024.03.19"]
[Round "3"]
[White "Licancabur"]
[Black "bescmelasti"]
[Result "0-1"]
[WhiteElo "2494"]
[BlackElo "2676"]
[TimeControl "180+1"]
[EndTime "14:29:06 PDT"]
[Termination "bescmelasti won on time"]

1. d4 Nf6 2. Bg5 d5 3. e3 Ne4 4. Bf4 c5 5. c3 Nc6 6. Bd3 Qb6 7.
Qb3 cxd4 8. exd4 e6 9. Nf3 Bd7 10. O-O Bd6 11. Bxd6 Nxd6 12. Nbd2 O-O 13. Rfe1 Qxb3 14.
axb3 a5 15. Ne5 Nxe5 16. dxe5 Nc8 17. Nf3 Ne7 18. Nd4 Rfc8 19. f4 b6 20. Kf2 h6 21.
g4 Rf8 22. Kg3 f6 23. Re2 fxe5 24. Rxe5 Rfe8 25. Rae1 a4 26. bxa4 Rxa4 27. Bb5 Bxb5 28. Nxb5 Ng6 29. Rxe6 Rxe6 30. Rxe6 Nxf4 31. Re8+ Kh7 32.
b3 Ra5 33. Kxf4 Rxb5 34. b4 d4 35. cxd4 Rxb4 36. Ke5 Rb2 37. Rb8 b5 38. d5 b4 39. d6 Re2+ 40. Kf5 Rd2 41. Ke6 Re2+ 42. Kf7 Rd2 43. Ke7 Re2+ 44. Kf7 Rd2 45. Ke7 Re2+ 46.
Kd8 Re4 47. d7 Rxg4 48. Rb5 Rd4 49. Kc8 Rc4+ 50. Kb7 Rd4 51. Kc7 Rc4+ 0-1

[Event "Late-Titled-Tuesday-Blitz-March-19-2024"]
[Site "Chess.com"]
[Date "2024.03.19"]
[Round "3"]
[White "Harsha_Bharathakoti"]
[Black "GodzillaChessYoutube"]
[Result "1-0"]
[WhiteElo "2945"]
[BlackElo "2696"]
[TimeControl "180+1"]
[EndTime "14:29:08 PDT"]
[Termination "Harsha_Bharathakoti won by resignation"]

1. Nf3 d5 2. e3 Nf6 3. c4 a6 4.
cxd5 Nxd5 5. d4 e6 6. e4 Nf6 7. Bd3 c5 8. O-O cxd4 9. e5 Nfd7 10. Re1 Nc6 11. a3 Nc5 12. h4 Nxd3 13. Qxd3 h6 14. h5 Be7 15. Nbd2 Qd5 16. Nc4 Rb8 17. Bf4 O-O 18.
Rad1 b5 19. Nd6 Bb7 20. Nxb7 Rxb7 21. Nxd4 Nxd4 22. Qxd4 Qxd4 23. Rxd4 Rc8 24. Re2 Kf8 25. g4 Ke8 26. Red2 Rbc7 27. Kg2 Rc4 28. Kf3 Rxd4 29.
Rxd4 Rc2 30. Rd2 Rc4 31. Be3 a5 32. Kg3 a4 33. f4 b4 34. axb4 Rxb4 35. Kf3 Rb3 36.
Ke4 Bb4 37. Rc2 Kd7 38. f5 Bf8 39. f6 gxf6 40. exf6 Rb4+ 41. Kf3 e5 42. Rd2+ Ke8 43. Rd5 Rxb2 44. Rxe5+ Kd7 45. Ra5 a3 46. Bd4 Rb3+ 47. Ke4 Rb4 48. Kd5 Rb7 49. Ra8 Bb4 50. g5 Rb5+ 51. Kc4 Rxg5 52. Kxb4 Rxh5 53. Rxa3 Rh4 54.
Kc5 Ke6 55. Ra7 Kf5 56. Rxf7 h5 57. Rg7 Ke6 58. Re7+ Kf5 59. f7 1-0

[Event "Late-Titled-Tuesday-Blitz-March-19-2024"]
[Site "Chess.com"]
[Date "2024.03.19"]
[Round "3"]
[White "sansanathalia"]
[Black "TheKnightOfBosnia"]
[Result "1-0"]
[WhiteElo "2396"]
[BlackElo "2609"]
[TimeControl "180+1"]
[EndTime "14:29:08 PDT"]
[Termination "sansanathalia won by checkmate"]

1. e4 c5 2. Nf3 d6 3. d4 cxd4 4. Qxd4 Nf6 5. e5 Nc6 6. Bb5 dxe5 7. Qxd8+ Kxd8 8. Bxc6 bxc6 9. Nxe5 Ke8 10. Nc3 e6 11. O-O Bb7 12. Bg5 Bd6 13. Nc4 Bc7 14. Rad1 Nd5 15.
Ne4 Ba6 16. b3 h6 17. Bc1 Rd8 18. Bb2 f6 19. Nc5 Bxc4 20. bxc4 Nf4 21. g3 Ne2+ 22. Kg2 Kf7 23. Kf3 Bb6 24. Nb3 Nxg3 25. hxg3 a5 26. c5 Bc7 27. Nd4 Rc8 28. Rfe1 Be5 29.
Bc3 a4 30. Ne2 Bxc3 31. Nxc3 Rhd8 32. Ne4 Ra8 33. Nd6+ Ke7 34. Re4 Ra5 35. Nf5+ Ke8 36. Nxg7+ Ke7 37. Rxe6+ Kf7 38. Rxd8 Kxg7 39. Rxc6 Rb5 40.
Rd7+ Kg6 41. Rdd6 Kg5 42. Rxf6 Rb2 43. Kg2 Rxc2 44. Rxh6 Rxa2 45. Rh8 Kf5 46. Ra8 Ke5 47. Rca6 Rc2 48. Rxa4 Kd5 49. R4a5 Rb2 50. Rd8+ Kc6 51. Rd6+ Kb7 52. Rb6+ Rxb6 53. cxb6 Kb8 54. g4 Kb7 55. g5 Kxb6 56. g6 Kxa5 57. g7 Kb4 58. g8=Q Kc5 59.
Qe6 Kd4 60. f4 Kd3 61. f5 Kd4 62. f6 Kd3 63. f7 Kd4 64. f8=Q Kc3 65. Qc5+ Kd2 66.
Qd4+ Kc2 67. Qc6+ Kb1 68. Qb4+ Ka2 69. Qa6# 1-0

[Event "Late-Titled-Tuesday-Blitz-March-19-2024"]
[Site "Chess.com"]
[Date "2024.03.19"]
[Round "3"]
[White "platy3"]
[Black "Mikhail_Bryakin"]
[Result "1-0"]
[WhiteElo "2957"]
[BlackElo "2704"]
[TimeControl "180+1"]
[EndTime "14:29:12 PDT"]
[Termination "platy3 won by resignation"]

1. e4 c6 2. Nf3 d5 3. Nc3 Nf6 4. e5 Ne4 5. Ne2 Qb6 6. d4 h6 7. Ng3 Nxg3 8. hxg3 Bf5 9. Bd3 Bxd3 10. Qxd3 e6 11.
c3 c5 12. dxc5 Bxc5 13. O-O Nc6 14. b4 Be7 15. a4 Rc8 16. Re1 a5 17. b5 Nb8 18.
Be3 Qc7 19. Bd4 Nd7 20. Nd2 Nb6 21. Bxb6 Qxb6 22. c4 Rd8 23. Nf3 dxc4 24. Qxc4 O-O 25. Rac1 Bb4 26. Re4 Rd5 27. Qe2 Rc5 28. Rxc5 Qxc5 29.
g4 Rd8 30. g3 Qc1+ 31. Kg2 Qd1 32. Qxd1 Rxd1 33. Rc4 b6 34. Rc8+ Kh7 35. Rc7 Kg8 36. g5 Bc5 37. gxh6 gxh6 38. Nh2 Kg7 39. Ng4 Kg6 40. f4 Ra1 41. Rc8 Rxa4 42. Rg8+ Kf5 43. Nxh6+ Ke4 44. Nxf7 Ra2+ 45. Kh3 a4 46. Ng5+ Kd5 47.
Rd8+ Kc4 48. Nxe6 Kxb5 49. g4 Ra3+ 50. Kg2 Ra2+ 51. Kf3 Ra3+ 52. Ke4 Re3+ 53. Kf5 Be7 54. Ra8 a3 55. g5 Kc4 56. g6 Rg3 57. Ng5 Bxg5 58.
fxg5 Rf3+ 59. Ke6 Rg3 60. Kf5 Rf3+ 61. Ke4 Rg3 62. Kf4 Rg1 63. g7 Rf1+ 64. Ke4 1-0